 Dungeon Crawl Stone Soup version 0.19-a0-1341-g3513869 (webtiles) character file.

39 Amnesiac the Grave Robber (level 3, -3/24 HPs)
             Began as a Mummy Necromancer on Sept 1, 2016.
             Killed from afar by an orc wizard (16 damage)
             ... with a puff of flame
             ... on level 3 of the Dungeon.
             The game lasted 00:01:52 (1228 turns).

Amnesiac the Grave Robber (Mummy Necromancer)       Turns: 1228, Time: 00:01:53

Health: -3/24      AC:  2    Str: 11    XL:     3   Next: 26%
Magic:  2/6        EV: 12    Int: 15    God:
Gold:   112        SH:  0    Dex: 12    Spells: 2 memorised, 3 levels left

rFire  x . .     SeeInvis .     (no weapon)
rCold  + . .     Gourm    .     a - +0 robe
rNeg   + + +     Faith    .     (no shield)
rPois  ∞         Spirit   .     (no helmet)
rElec  .         Dismiss  .     (no cloak)
rCorr  .         Reflect  .     (no gloves)
MR     .....     Harm     .     (no boots)
Stlth  +.........               i - amulet of magic regeneration
                                (no ring)
                                (no ring)

@: confused
A: no food or potions, fire vulnerability, cold resistance 1, negative energy
resistance 3, torment resistance, unbreathing
a: no special abilities


You were on level 3 of the Dungeon.
You were not hungry.

You visited 1 branch of the dungeon, and saw 4 of its levels.

You collected 112 gold pieces.

Inventory:

Armour
 a - a +0 robe (worn)
Jewellery
 i - an amulet of magic regeneration (around neck)
Scrolls
 c - a scroll of enchant armour {unknown}
 d - a scroll of fog {unknown}
 e - a scroll of teleportation {unknown}
 f - 3 scrolls of identify {unknown}
 g - a scroll of magic mapping {unknown}
 h - a scroll of amnesia {unknown}
Books
 b - a book of Necromancy

   Spells                             Type                      Level
   a - Pain                           Necromancy                   1
   b - Animate Skeleton               Necromancy                   1
   c - Vampiric Draining              Necromancy                   3
   d - Regeneration                   Charms/Necromancy            3
   e - Animate Dead                   Necromancy                   4
   f - Control Undead                 Necromancy                   4


   Skills:
 - Level 1.5 Dodging
 - Level 1.5 Stealth
 + Level 2.5 Spellcasting
 * Level 4.8 Necromancy


You had 3 spell levels left.
You knew the following spells:

 Your Spells              Type           Power        Failure   Level  Hunger
f - Vampiric Draining     Necr           ###.......   12%         3    N/A
z - Pain                  Necr           ###.         3%          1    N/A

Dungeon Overview and Level Annotations

Branches:
Dungeon (4/15)
 Temple: D:4-7

Altars:


Innate Abilities, Weirdness & Mutations

You do not eat or drink.
Your flesh is vulnerable to fire.
You are immune to poison.
Your flesh is cold resistant. (rC+)
You are immune to negative energy. (rN+++)
You are immune to unholy pain and torment.
You can survive without breathing.


Message History

Casting: Pain
Confirm with . or Enter, or press ? or * to list all spells.
Aiming: Pain
Press: ? - help, Shift-Dir - straight line Nothing appears to happen.
You hear some strange, mumbled words.
Something tries to affect you, but you resist.
You hear some strange, mumbled words.
You are confused.
You hear some strange, mumbled words.
You are more confused.
You're too confused to cast spells.
You're too confused to cast spells.
You hear some strange, mumbled words.
Something tries to affect you, but you resist.
You hear some strange, mumbled words.
A puff of flame appears from out of thin air!
The puff of flame hits you! The fire burns you terribly!
Ouch! That really hurt!
You die...

###########
.######.........#
.......>......#.#
.######.#####@#
#.#...#.#
#.#.#.#.# #
#.#.#.#.# #.
#.#.....#
#+#'######.#.###.#
.!......##.....###
........####.#.#
........# #.#.#


There were no monsters in sight!

Vanquished Creatures
  An adder (D:2)
  2 orcs (D:3)
  4 bats
  A giant cockroach (D:2)
  6 goblins
  3 hobgoblins
  A giant newt (D:1)
  5 kobolds
  4 rats (D:1)
27 creatures vanquished.

Notes
Turn   | Place    | Note
-------+----------+-------------------------------------------
     0 | D:1      | Amnesiac the Mummy Necromancer began the quest for the Orb.
     0 | D:1      | Reached XP level 1. HP: 13/13 MP: 3/3
   340 | D:1      | Reached XP level 2. HP: 19/19 MP: 1/5
   992 | D:2      | Reached XP level 3. HP: 21/24 MP: 0/6
   997 | D:2      | Learned a level 3 spell: Vampiric Draining
  1228 | D:3      | Killed from afar by an orc wizard

Vault maps used:
D:1:      erik_arrival_triangle_medium
D:2:      grunt_ministairs_14
D:3:      first_bread
D:4:      tso_oasis_becter, serial_shops, shop, shop, shop, shop,
          serial_bayou_pond_d, grunt_gozag_breadcrumbs, uniq_menkaure

Action                   || total
-------------------------++-------
Melee: Unarmed           ||     4
 Cast: Pain              ||    66
Armor: Robe              ||     1
Dodge: Dodged            ||    11
